Map: Cerulean Fall LE

Players

Smileblind - Winner!

  • Race: Protoss Protoss
  • League: Silver
  • Spawn Location: 7:00

VOD

Have the link to the VOD?

Description

Time

  • Played on: Jan. 20, 2019, 5:39 a.m.
  • Length: 4:46
Show
View Real Time Build Order
Export as new Build Order

Smileblind Protoss - Winner!

Build Orders:  

Get SALT Encoding   

  12  0:09  Probe (Chrono Boost)  
  13  0:21  Pylon  
  13  0:28  Probe (Chrono Boost)  
  14  0:45  Probe (Chrono Boost)  
  15  1:02  Probe (Chrono Boost)  
  15  1:09  Forge  
  16  1:15  Pylon  
  16  1:31  Assimilator  
  16  1:42  Pylon  
  16  1:58  Photon Cannon  
  16  2:10  Photon Cannon  
  16  2:18  Photon Cannon  
  16  2:32  Pylon  
  16  2:51  Photon Cannon  
  16  3:00  Pylon  
  16  3:28  Pylon  
  16  3:32  Photon Cannon  
  16  3:50  Photon Cannon  
  16  3:58  Photon Cannon  
  16  4:13  Photon Cannon  
  16  4:27  Pylon  
  16  4:38  Pylon  
Tags
 
Add a new tag
Caveats
  • Supply blocks, unpowered buildings, or Contaminate may cause inaccurate times.
  • Supply counts are checked every 10 seconds.